 Dungeon Crawl Stone Soup version 0.23-a0-488-g5fd82c5 (webtiles) character file.

164 Lavandula the Cutter (level 5, -3/31 HPs)
             Began as a Halfling Enchanter on Dec 1, 2018.
             Killed by divine providence
             ... invoked by an orc priest
              (13 damage)
             ... on level 4 of the Dungeon.
             The game lasted 00:09:58 (1880 turns).

Lavandula the Cutter (Halfling Enchanter)           Turns: 1880, Time: 00:10:01

Health: -3/31      AC:  2    Str:  9    XL:     5   Next: 73%
Magic:  7/7        EV: 15    Int: 14    God:
Gold:   127        SH:  0    Dex: 15    Spells: 1/7 levels left

rFire    . . .     SeeInvis .   j - +0 hunting sling
rCold    . . .     Gourm    .   (shield restricted)
rNeg     . . .     Faith    .   b - +0 robe
rPois    .         Spirit   .   (no helmet)
rElec    .         Reflect  .   (no cloak)
rCorr    .         Harm     .   (no gloves)
MR       .....                  (no boots)
Stlth    ++........             (no amulet)
HPRegen  0.10/turn              (no ring)
MPRegen  0.10/turn              (no ring)

@: no status effects
A: small, mutation resistance 1
a: no special abilities


You were on level 4 of the Dungeon.
You were very hungry.

You visited 1 branch of the dungeon, and saw 5 of its levels.

You collected 127 gold pieces.

Inventory:

Hand Weapons
 j - a +0 hunting sling (weapon)
 o - a +3 dagger
Missiles
 c - 160 stones
 l - 39 sling bullets (quivered)
Armour
 b - a +0 robe (worn)
Scrolls
 a - a scroll of enchant weapon {unknown}
 f - 3 scrolls of identify {unknown}
 i - a scroll of fear
 k - 2 scrolls of remove curse {unknown}
 m - a scroll of magic mapping {unknown}
 p - a scroll of amnesia {unknown}
Potions
 e - a potion of haste {unknown}
 g - a potion of mutation {unknown}
 h - a potion of cancellation {unknown}
 n - 2 potions of brilliance {unknown}
Comestibles
 d - 6 rations


   Skills:
 - Level 5.2 Short Blades
 - Level 3.6 Slings
 - Level 2.1 Dodging
 - Level 3.2 Stealth
 + Level 1.5 Spellcasting
 - Level 2.4 Hexes


You had one spell level left.
You knew the following spells:

 Your Spells              Type           Power        Failure   Level  Hunger
a - Corona                Hex            #......      10%         1    ##.....
b - Ensorcelled Hibernat  Hex/Ice        #.....       22%         2    ###....
c - Confuse               Hex            #.......     28%         3    ####...

Your spell library contained the following spells:

 Spells                   Type           Power        Failure   Level  Hunger
 Tukima's Dance           Hex            #.......     28%         3    ####...
 Dazzling Spray           Conj/Hex       #.....       41%         3    ####...


Dungeon Overview and Level Annotations

Branches:
Dungeon (5/15)
 Temple: D:4-7

Altars:
Hepliaklqana


Innate Abilities, Weirdness & Mutations

You are small and have problems with some larger weapons.
You are somewhat resistant to further mutation.


Message History

The iguana is heavily wounded.
The orc priest casts a cantrip, but nothing happens.
Firing (i - inventory. (/) - cycle)
l - 41 sling bullets (quivered)
Press: ? - help, Shift-Dir - straight line, f/p - orc priest
Aim: an orc priest, wielding a +0 short sword (heavily wounded)
You shoot a sling bullet.
The sling bullet closely misses the iguana.
The sling bullet barely misses the orc priest.
The orc priest invokes the aid of Beogh against you.
Beogh smites you!
Firing (i - inventory. (/) - cycle)
l - 40 sling bullets (quivered)
Press: ? - help, Shift-Dir - straight line, f/p - orc priest
Aim: an orc priest, wielding a +0 short sword (heavily wounded)
You shoot a sling bullet.
The sling bullet closely misses the iguana.
The sling bullet hits the orc priest.
The orc priest is almost dead.
The orc priest invokes the aid of Beogh against you.
Beogh smites you!
You die...

.... ##### ....
##...# #### .....
#..>.######..# .....
#............# ....#
#..[.......).##..).##
##...##...>.........#
#######.@..l.(o(....#
#........##..##(....#
#........##..# ....#
##...##......# ..##
##.[.##..)...#####...
#................o o.
#................o o
##...######..#..#.
##### #######


You could see an iguana and an orc priest.

Vanquished Creatures
  An orc priest (D:3)
  A worker ant (D:2)
  4 adders
  An ooze (D:2)
  A worm (D:2)
  A dart slug (D:2)
  A leopard gecko (D:3)
  9 orcs (D:3)
  10 bats
  5 giant cockroaches
  6 goblins
  3 hobgoblins
  A ball python (D:2)
  2 frilled lizards (D:2)
  7 kobolds
  A leopard gecko skeleton (D:4)
  5 rats
59 creatures vanquished.

Notes
Turn   | Place    | Note
-------+----------+-------------------------------------------
     0 | D:1      | Lavandula the Halfling Enchanter began the quest for the
                  | Orb.
     0 | D:1      | Reached XP level 1. HP: 11/11 MP: 3/3
    66 | D:1      | Reached skill level 2 in Short Blades
   111 | D:2      | Reached XP level 2. HP: 15/17 MP: 4/4
   134 | D:2      | Found a hazy altar of Hepliaklqana.
   236 | D:3      | Reached skill level 3 in Short Blades
   264 | D:3      | Learned a level 2 spell: Ensorcelled Hibernation
   275 | D:3      | Reached XP level 3. HP: 14/21 MP: 0/5
   419 | D:4      | Reached skill level 4 in Short Blades
   440 | D:4      | Noticed a phantom
   657 | D:4      | Noticed a phantom
   666 | D:2      | Reached XP level 4. HP: 27/27 MP: 1/6
   942 | D:2      | Reached skill level 5 in Short Blades
  1239 | D:2      | Reached XP level 5. HP: 31/31 MP: 7/7
  1265 | D:2      | Reached skill level 1 in Slings
  1779 | D:3      | Learned a level 3 spell: Confuse
  1788 | D:5      | Entered Level 5 of the Dungeon
  1880 | D:4      | Killed from afar by an orc priest

Vault maps used:
D:1:      minmay_arrival_open_corners
D:2:      nicolae_overflow_crystal_walls
D:4:      first_ration, uniq_ijyb
D:5:      minmay_temple_entry_gardened_gates, uniq_grinder, uniq_edmund,
          uniq_eustachio

Skill      XL: |  1  2  3  4  5 |
---------------+----------------+-----
Short Blades   | 2 3 4 5 |  5.2
Slings         | 3 |  3.6
Dodging        | |  2.1
Stealth        | |  3.2
Spellcasting   | |  1.5
Hexes          | |  2.4

Action                   |  1- 3 |  4- 6 || total
-------------------------+-------+-------++-------
Melee: Dagger            |    80 |    76 ||   156
 Fire: Hunting sling     |       |    52 ||    52
 Cast: Corona            |    15 |     4 ||    19
       Ensorcelled Hiber |     3 |    10 ||    13
  Use: Scroll            |     1 |       ||     1
 Stab: Sleeping          |     6 |     7 ||    13
  Eat: Chunk             |       |     4 ||     4
Armor: Robe              |     8 |    13 ||    21
Dodge: Dodged            |    63 |    60 ||   123

Table legend:
 A = Non-vault XP
 B = Vault XP
 C = Vault XP percentage of total XP
 D = Non-vault monster count
 E = Vault monster count
 F = Vault count percentage of total count
                 A         B        C        D         E       F
            +---------+---------+-------+---------+---------+-------
      Total |     235 |       0 |   0.0 |      59 |       0 |   0.0
            +---------+---------+-------+---------+---------+-------
        D:1 |      14 |       0 |   0.0 |       9 |       0 |   0.0
        D:2 |      93 |       0 |   0.0 |      25 |       0 |   0.0
        D:3 |     114 |       0 |   0.0 |      23 |       0 |   0.0
        D:4 |      14 |       0 |   0.0 |       2 |       0 |   0.0
            +---------+---------+-------+---------+---------+-------
